 Dungeon Crawl Stone Soup version 0.30-a0-672-gc3a7216ad8 (webtiles) character file.

Game seed: 4114731001249504063

333 testman the Gusty (level 6, -1/46 HPs)
             Began as a Demonspawn Wanderer on Jan 18, 2023.
             Was an Initiate of Ashenzari.
             Slain by Menkaure (17 damage)
             ... on level 4 of the Dungeon.
             The game lasted 00:14:04 (3485 turns).

testman the Gusty (Demonspawn Wanderer)             Turns: 3485, Time: 00:14:05

Health: -1/46      AC: 10    Str: 12    XL:     6   Next: 27%
Magic:  4/10       EV: 10    Int: 16    God:    Ashenzari [......]
Gold:   168        SH:  4    Dex: 12    Spells: 3/10 levels left

rFire   + . .      SeeInvis .    z - +1 short sword of Ashenzari's Affliction {protect, Bglg, Cun} (curse)
rCold   . . .      Faith    .    b - +0 buckler
rNeg    . . .      Spirit   .    d - +0 robe
rPois   +          Reflect  .    (no helmet)
rElec   .          Harm     .    (no cloak)
rCorr   .          Rampage  .    w - +0 pair of gloves
Will    .....                    (no boots)
Stlth   +                        (no amulet)
HPRegen 0.27/turn                p - ring of poison resistance
MPRegen 0.12/turn                r - ring of protection from fire

@: under a protective aura
A: powered by pain 1, demonic magic 2
a: Renounce Religion, Shatter the Chains


You were on level 4 of the Dungeon.
You worshipped Ashenzari.
Ashenzari was noncommittal.
You visited 1 branch of the dungeon, and saw 4 of its levels.

You collected 168 gold pieces.

Inventory:

Hand Weapons
 a - a +0 mace
 f - a +0 dagger of venom
 g - a +0 short sword of flaming
 z - the cursed +1 short sword of Ashenzari's Affliction (weapon) {protect, Bglg, Cun}
   (You took it off a kobold on level 3 of the Dungeon)

   It has a curse which improves the following skills: Beguiling: Conjurations,
   Hexes and Translocations.
   Cunning:   Dodging and Stealth.
Missiles
 s - 9 poisoned darts
Armour
 b - a +0 buckler (worn)
 d - a +0 robe (worn)
 w - a +0 pair of gloves (worn)
Jewellery
 k - a ring of fire
 p - a ring of poison resistance (left hand)
 r - a ring of protection from fire (right hand)
 t - a ring of resist corrosion
Scrolls
 h - 2 scrolls of identify {unknown}
 i - a scroll of fog {unknown}
 j - a scroll of magic mapping {unknown}
 l - a scroll of enchant weapon {unknown}
 o - 2 scrolls of teleportation {unknown}
 u - a scroll of enchant armour {unknown}
 y - a scroll of amnesia {unknown}
 A - a scroll of fear {unknown}
Potions
 e - 2 potions of curing {unknown}
 m - a potion of heal wounds {unknown}
 n - 2 potions of haste {unknown}
 q - 2 potions of ambrosia {unknown}
 v - a potion of mutation {unknown}
 x - a potion of lignification {unknown}


   Skills:
 + Level 2.4 Fighting
 - Level 1.0 Maces & Flails
 + Level 2.9 Shields
 + Level 2.7 Spellcasting
 - Level 1.1(1.4) Conjurations
 + Level 1.2 Summonings
 + Level 3.5 Air Magic
 + Level 2.4 Poison Magic
 - Level 1.2 Invocations
 - Level 1.0 Evocations


You had 3 spell levels left.
You knew the following spells:

 Your Spells              Type           Power      Damage    Failure   Level
a - Shock                 Conj/Air       40%        1d5       9%          1
b - Poisonous Vapours     Pois/Air       22%        N/A       11%         2
c - Summon Lightning Spi  Summ/Air       9%         N/A       67%         4

Your spell library contained the following spells:

 Spells                   Type           Power      Damage    Failure   Level


Dungeon Overview and Level Annotations

Branches:
Dungeon (4/15)
 Temple: D:4-7

Altars:
Ashenzari
Okawaru
Ru

Shops:
D:2 [

Annotations:
D:4 Menkaure


Innate Abilities, Weirdness & Mutations

You sometimes gain a little power by taking damage.
Spells you cast may paralyse nearby enemies.


Message History

Aiming: Shock (safe; 9% risk of failure)
Press: ? - help, Q - select action, (/) - cycle Shift-Dir - straight line, f/p - Menkaure
Aim: Menkaure (fast, 85% to hit)
The zap hits Menkaure.
Menkaure is lightly damaged.
Malevolent energies surge around you.
Aiming: Shock (safe; 9% risk of failure)
Press: ? - help, Q - select action, (/) - cycle Shift-Dir - straight line, f/p - Menkaure
Aim: Menkaure (lightly damaged, fast, 85% to hit)
The zap hits Menkaure.
Menkaure is moderately damaged.
Malevolent energies surge around you.
Aiming: Shock (safe; 9% risk of failure)
Press: ? - help, Q - select action, (/) - cycle Shift-Dir - straight line, f/p - Menkaure
Aim: Menkaure (moderately damaged, fast, 85% to hit)
The zap hits Menkaure.
Menkaure is moderately damaged.
Malevolent energies surge around you.
Menkaure calls on the powers of darkness!
Your body is wracked with pain!
Aiming: Shock (safe; 9% risk of failure)
Press: ? - help, Q - select action, (/) - cycle Shift-Dir - straight line, f/p - Menkaure
Aim: Menkaure (moderately damaged, fast, 85% to hit)
The zap hits Menkaure.
Menkaure is moderately damaged.
Malevolent energies surge around you.
Aiming: Shock (safe; 9% risk of failure)
Press: ? - help, Q - select action, (/) - cycle Shift-Dir - straight line, f/p - Menkaure
Aim: Menkaure (moderately damaged, fast, 85% to hit)
The zap hits Menkaure.
Menkaure is heavily damaged.
Malevolent energies surge around you.
You hit Menkaure.
Your weapon exudes an aura of protection.
Menkaure is severely damaged.
Menkaure hits you! You block Menkaure's attack.
You barely miss Menkaure.
Menkaure is severely damaged.
Menkaure hits you!
You die...

###### .....# .....#
#################.....##
................@.......
######.......$.M!.....##
.####..................#
.......................#
..##.........<..........
#.###...................
#.###.#...##...#########
#.......###...##
#..##.##...###


You could see Menkaure (fast).

Vanquished Creatures
  Grinder (D:4)
  Jessica (D:2)
  An adder (D:3)
  2 dart slugs
  9 orcs
  5 bats
  4 endoplasms
  3 giant cockroaches
  6 hobgoblins
  7 jackals
  11 kobolds
  6 quokkas
  7 ball pythons
  5 frilled lizards
  8 goblins
  11 rats
87 creatures vanquished.

Vanquished Creatures (others)
  4 plants
4 creatures vanquished.

Grand Total: 91 creatures vanquished

Notes
Turn   | Place    | Note
-------+----------+-------------------------------------------
     0 | D:1      | testman the Demonspawn Wanderer began the quest for the
                  | Orb.
     0 | D:1      | testman set off with the following items: a +0 mace, a +0
                  | buckler, a scroll of blinking, a +0 robe; and the following
                  | spell memorised: Shock; and the following spells available
                  | to memorise: Poisonous Vapours, Summon Lightning Spire.
     0 | D:1      | Reached XP level 1. HP: 15/15 MP: 2/2
   251 | D:1      | Reached skill level 1 in Conjurations
   258 | D:1      | Gained mutation: Spells you cast may paralyse adjacent
                  | enemies. [demonic ancestry]
   258 | D:1      | Reached XP level 2. HP: 6/21 MP: 0/4
   261 | D:1      | Learned a level 2 spell: Poisonous Vapours
   822 | D:1      | Gained mutation: You sometimes gain a little power by
                  | taking damage. [demonic ancestry]
   822 | D:1      | Reached XP level 3. HP: 22/26 MP: 2/5
  1320 | D:2      | Reached skill level 1 in Poison Magic
  1517 | D:2      | Noticed Jessica
  1526 | D:2      | Killed Jessica
  1527 | D:2      | Reached skill level 3 in Air Magic
  1527 | D:2      | Gained mutation: Spells you cast may paralyse nearby
                  | enemies. [demonic ancestry]
  1527 | D:2      | Reached XP level 4. HP: 24/32 MP: 4/7
  1712 | D:2      | Found a sacrificial altar of Ru.
  1903 | D:2      | Found Junk's Antique Armour Boutique.
  2365 | D:3      | Found a broken altar of Ashenzari.
  2428 | D:3      | Became a worshipper of Ashenzari the Shackled
  2852 | D:3      | Found an iron altar of Okawaru.
  3036 | D:4      | Learned a level 4 spell: Summon Lightning Spire
  3101 | D:4      | Noticed Grinder
  3122 | D:4      | Killed Grinder
  3123 | D:4      | Reached skill level 1 in Summonings
  3123 | D:4      | Reached XP level 5. HP: 9/39 MP: 6/9
  3123 | D:4      | Reached XP level 6. HP: 10/45 MP: 6/10
  3313 | D:4      | Noticed Menkaure
  3485 | D:4      | Slain by Menkaure

Illustrated notes

Levels and vault maps discovered:
D:1:      sevenhm_arrival_forest_fort_large_1, layout_basic, minmay_pentomino_z2
D:2:      layout_loops_cross, basic_altar, serial_shops,
          nicolae_shop_overgrown_old_shop, palyth_stone_intersect, uniq_jessica
D:3:      layout_rooms, nicolae_ashenzari_skybound, mainiacjoe_overflow_24_doors
D:4:      layout_rooms, serial_bayou_pond_a, uniq_menkaure, uniq_grinder

Skill      XL: |  1  2  3  4 |
---------------+-------------+-----
Conjurations   | 1 |  1.1
Shields        | 2 |  2.9
Poison Magic   | 1 2 |  2.4
Spellcasting   | 2 |  2.7
Air Magic      | 3 |  3.5
Fighting       | 2 |  2.4
Summonings     | 1 |  1.2
Maces & Flails | |  1.0
Invocations    | |  1.2
Evocations     | |  1.0

Action                   |  1- 3 |  4- 6 || total
-------------------------+-------+-------++-------
Melee: Mace              |    14 |       ||    14
       Dagger            |    74 |    71 ||   145
       Short sword       |       |    39 ||    39
 Cast: Shock             |    15 |    33 ||    48
       Poisonous Vapours |       |     6 ||     6
Invok: Curse Item        |       |     1 ||     1
  Use: Scroll            |       |     1 ||     1
 Stab: Sleeping          |     3 |       ||     3
       Paralysed         |       |     5 ||     5
Armor: Robe              |    18 |    21 ||    39
Dodge: Dodged            |    40 |    46 ||    86
Block: Buckler           |    14 |    19 ||    33

Table legend: (Time is in decaauts)
 A = Elapsed time spent in this place.
 B = Non-inter-level travel time spent in this place.
 C = Inter-level travel time spent in this place.
 D = Time resting spent in this place.
 E = Time spent auto-exploring this place.
 F = Levels seen in this place.
 G = Mean time per level.
                   A        B        C        D        E       F      G
               +--------+--------+--------+--------+--------+-----+--------+
         Total |   3501 |   3378 |    123 |    198 |   2537 |   4 |  875.2 |
       Dungeon |   3501 |   3378 |    123 |    198 |   2537 |   4 |  875.2 |
               +--------+--------+--------+--------+--------+-----+--------+

Top non-repeatable levels by time:
     D:1: 1322 daAuts
     D:3: 930 daAuts
     D:2: 908 daAuts
     D:4: 340 daAuts
